[Event "January 2 Early 2024"]
[Site "https://www.chess.com"]
[Date "2024.01.02"]
[Round "6"]
[White "Caruana, Fabiano"]
[Black "Drygalov, Sergey"]
[Result "1/2-1/2"]
[Board "5"]
[TimeControl "180+1"]
[WhiteFideId "2020009"]
[BlackFideId "24171743"]
[WhiteElo "3053"]
[BlackElo "2950"]
[WhiteTeam "USA"]
[BlackTeam "RUS"]
[WhiteClock "0:00:13"]
[BlackClock "0:00:07"]

1. d4 Nf6 2. c4 e6 3. Nc3 d5 4. cxd5 exd5 5. Bg5 Be7 6. e3 c6 7. Bd3 h6 8. Bh4 O-O 9. Nge2 Re8 10. O-O Nbd7 11. a4 Nf8 12. a5 Ne6 13. Qc2 c5 14. a6 cxd4 15. axb7 Bxb7 16. exd4 a6 17. f3 Bd6 18. Bg3 Bxg3 19. hxg3 h5 20. Qd2 a5 21. Bf5 Bc6 22. Rfe1 Qb6 23. Bxe6 Rxe6 24. Nf4 Rxe1+ 25. Rxe1 Rb8 26. Re2 a4 27. Kh2 Qb4 28. Qe3 Re8 29. Qc1 Rxe2 30. Ncxe2 Bd7 31. Qc3 Qb5 32. Qd2 Qb3 33. Nc3 Qb4 34. Nfe2 Bb5 35. Nf4 Bd7 36. Kg1 Kf8 37. Kf2 Bc6 38. Ke3 Qe7+ 39. Kf2 Qb4 40. Ke1 Qe7+ 41. Nfe2 Qb7 42. Nd1 Bb5 43. Qb4+ Kg8 44. Ndc3 Bc6 45. Qxb7 Bxb7 46. Nxa4 Kf8 47. Nc5 Bc6 48. b4 Ke7 49. Kd2 Kd6 50. Nc3 g5 51. b5 Be8 52. Ke3 Nd7 53. N3a4 Nb8 54. Nc3 Nd7 55. Nxd7 Bxd7 56. f4 f6 57. b6 Bc6 58. Na2 Bb7 59. Nb4 Bc8 60. Nd3 Kc6 61. Nb4+ Kd6 62. fxg5 fxg5 63. Kd3 h4 64. gxh4 gxh4 65. Ke3 h3 66. gxh3 Bxh3 67. Nxd5 Kc6 68. Kf4 Bg2 69. Ke5 Bh1 70. Nc3 Kxb6 71. Ne4 Kc7 72. Ng3 Bg2 73. Nh5 Bh1 74. Nf4 Bf3 75. Ne6+ Kc6 76. Ng5 Bg2 77. Ne4 Bxe4 78. Kxe4 Kd6 79. d5 Kd7 80. Ke5 Ke7 81. d6+ Kd7 82. Kd5 Kd8 83. Ke5 Kd7 84. Kd5 Kd8 85. Kc6 Kc8 86. Kc5 Kd7 87. Kd5 1/2-1/2

[Event "January 2 Early 2024"]
[Site "https://www.chess.com"]
[Date "2024.01.02"]
[Round "6"]
[White "Duda, Jan-Krzysztof"]
[Black "Pranesh M"]
[Result "1/2-1/2"]
[Board "6"]
[TimeControl "180+1"]
[WhiteFideId "1170546"]
[BlackFideId "35028600"]
[WhiteElo "3040"]
[BlackElo "2989"]
[WhiteTeam "POL"]
[BlackTeam "IND"]
[WhiteClock "0:00:02"]
[BlackClock "0:00:15"]

1. c4 b6 2. e4 Bb7 3. Nc3 c5 4. g3 Nf6 5. Bg2 d6 6. Nge2 g6 7. O-O Qc8 8. h3 Bg7 9. d3 O-O 10. g4 e6 11. f4 Nc6 12. Ng3 Nd4 13. g5 Nd7 14. h4 f5 15. h5 Bc6 16. h6 Bh8 17. Be3 a6 18. Rc1 Qb7 19. Nce2 Nxe2+ 20. Qxe2 Rae8 21. Qd2 a5 22. b3 Rf7 23. Rce1 Rfe7 24. Re2 d5 25. Rfe1 d4 26. Bf2 e5 27. Bh1 exf4 28. Qxf4 Be5 29. Qh4 f4 30. Nf1 Nf8 31. Nh2 Ne6 32. Bf3 Rf7 33. Bg4 Qe7 34. Nf3 Bb8 35. Kh1 Bc7 36. Rg1 Kh8 37. Kg2 Bb7 38. Kf1 Kg8 39. Ke1 Nf8 40. a4 Nd7 41. Kd2 Ne5 42. Nxe5 Bxe5 43. Bf3 Bc8 44. Kc2 Be6 45. Be1 Qd6 46. Bd2 Ref8 47. Rf2 Rb8 48. Rgf1 Rbf8 49. Kd1 Kh8 50. Ke2 Qc7 51. Bg4 Bxg4+ 52. Qxg4 Qd6 53. Rf3 Kg8 54. R1f2 Kh8 55. Kf1 Kg8 56. Kg2 Kh8 57. Kh3 Kg8 58. Kg2 Kh8 59. Kf1 Kg8 60. Ke2 Kh8 61. Kd1 Kg8 62. Kc2 Kh8 63. Rf1 Kg8 64. Be1 Qe7 65. Bh4 Qd7 66. Qxd7 Rxd7 67. Kd1 Kf7 68. Ke2 Ke6 69. Kf2 Rdf7 70. Kg2 Kd6 71. Kh3 Ke6 72. Kg4 Bd6 73. Be1 Be5 74. Bd2 Bd6 75. Bxf4 Bxf4 76. Rxf4 Rxf4+ 77. Rxf4 Rxf4+ 78. Kxf4 Kd6 79. Kg4 Ke5 80. Kg3 Ke6 81. Kf4 Kd6 82. e5+ Kd7 83. Kf3 Ke7 84. Ke4 Ke6 85. Kf4 Ke7 86. Kf3 Kd7 87. Kg4 Ke6 88. Kf4 Ke7 89. Kf3 Kd7 90. Kf4 Ke7 1/2-1/2

[Event "January 2 Early 2024"]
[Site "https://www.chess.com"]
[Date "2024.01.02"]
[Round "6"]
[White "Rustemov, Alexander"]
[Black "Zemlyanskii, Ivan"]
[Result "1-0"]
[Board "7"]
[TimeControl "180+1"]
[WhiteFideId "4119002"]
[BlackFideId "24249971"]
[WhiteElo "2864"]
[BlackElo "3015"]
[WhiteTeam "RUS"]
[BlackTeam "RUS"]
[WhiteClock "0:00:11"]
[BlackClock "0:00:00"]

1. d4 d5 2. c4 e6 3. Nc3 c6 4. e3 Nf6 5. Nf3 Nbd7 6. Qc2 Bd6 7. b3 O-O 8. Be2 b6 9. O-O Bb7 10. Bb2 Qe7 11. Rad1 Rfe8 12. Rfe1 Nf8 13. e4 Nxe4 14. Nxe4 dxe4 15. Qxe4 Bb4 16. Rf1 c5 17. Qe3 Rad8 18. g3 cxd4 19. Nxd4 Bc5 20. Qc3 Qg5 21. b4 Be7 22. Nf3 Qh6 23. a3 Nd7 24. Qc1 Qxc1 25. Rxc1 Rc8 26. Rfd1 Red8 27. Ne1 Kf8 28. Bf3 Bxf3 29. Nxf3 f6 30. Kf1 e5 31. Ke2 Kf7 32. Rc2 Nb8 33. Rxd8 Rxd8 34. Nd2 Rc8 35. Nb3 Ke6 36. f3 Nc6 37. Bc3 Nd8 38. Kd3 Nb7 39. Bd2 a5 40. bxa5 bxa5 41. Bxa5 Bxa3 42. Bb6 Rc6 43. Be3 Bb4 44. Ra2 Nc5+ 45. Bxc5 Bxc5 46. Nxc5+ Rxc5 47. Ra6+ Kf5 48. Ra7 Kg6 49. h4 f5 50. h5+ Kh6 51. Rf7 g6 52. hxg6 hxg6 53. Rd7 Rc8 54. Rd5 Re8 55. c5 Kg5 56. c6 Rc8 57. Rd6 f4 58. g4 Kh4 59. Ke4 Kg3 60. Rxg6 Ra8 61. c7 Ra4+ 62. Kxe5 Rc4 63. Kd6 Kxf3 64. g5 Kg4 65. Rg8 f3 66. g6 Rc2 67. c8=Q+ Rxc8 68. Rxc8 f2 69. Rf8 Kg3 70. g7 1-0

[Event "January 2 Early 2024"]
[Site "https://www.chess.com"]
[Date "2024.01.02"]
[Round "6"]
[White "Carlsen, Magnus"]
[Black "Donchenko, Alexander"]
[Result "1-0"]
[Board "8"]
[TimeControl "180+1"]
[WhiteFideId "1503014"]
[BlackFideId "24603295"]
[WhiteElo "3368"]
[BlackElo "2931"]
[WhiteTeam "NOR"]
[BlackTeam "GER"]
[WhiteClock "0:00:28"]
[BlackClock "0:00:03"]

1. h3 Nf6 2. g4 e6 3. g5 Nd5 4. e4 Nb6 5. a4 a5 6. d4 Nc6 7. Nc3 e5 8. dxe5 Nxe5 9. f4 Nc6 10. Be3 Bb4 11. Bxb6 cxb6 12. Bc4 Qe7 13. Qd3 Bxc3+ 14. bxc3 d5 15. Bxd5 Be6 16. Ne2 O-O 17. O-O Rfe8 18. Rae1 Bxd5 19. exd5 Qc5+ 20. Kg2 Re3 21. Qd2 Ne7 22. Qd4 Qxd5+ 23. Qxd5 Nxd5 24. c4 Nb4 25. Nd4 Rc3 26. Re4 Rxc4 27. Rfe1 g6 28. f5 gxf5 29. Nxf5 Rxe4 30. Rxe4 Nxc2 31. Re7 b5 32. axb5 a4 33. Nh6+ Kg7 34. Rxf7+ Kg6 35. h4 a3 36. Rf6+ Kg7 37. Rf7+ Kh8 38. h5 Ne3+ 39. Kh3 Nd5 40. Kg3 a2 41. g6 Ra3+ 42. Kf2 hxg6 43. hxg6 Nf6 44. g7+ Kh7 45. g8=Q+ Kxh6 46. Rxf6+ Kh5 47. Qh7+ Kg4 48. Qg6+ Kh4 49. Qh6+ Kg4 50. Rf4# 1-0

[Event "January 2 Early 2024"]
[Site "https://www.chess.com"]
[Date "2024.01.02"]
[Round "6"]
[White "Nakamura, Hikaru"]
[Black "Bjerre, Jonas Buhl"]
[Result "1-0"]
[Board "9"]
[TimeControl "180+1"]
[WhiteFideId "2016192"]
[BlackFideId "1444948"]
[WhiteElo "3230"]
[BlackElo "2888"]
[WhiteTeam "USA"]
[BlackTeam "DEN"]
[WhiteClock "0:01:00"]
[BlackClock "0:00:10"]

1. Nf3 c5 2. e4 d6 3. c3 Nf6 4. h3 g6 5. Bd3 Bg7 6. Bc2 e5 7. d3 O-O 8. O-O h6 9. a3 Be6 10. b4 Nbd7 11. Nbd2 d5 12. Re1 Qc7 13. Bb2 Rfd8 14. Qe2 a5 15. bxa5 c4 16. d4 dxe4 17. Nxe5 Nxe5 18. dxe5 Nd5 19. Nxe4 Bxe5 20. Qf3 Nf4 21. Rad1 Bd5 22. Bc1 Kh7 23. Bxf4 Bxe4 24. Bxe5 Bxf3 25. Bxc7 Bxd1 26. Rxd1 Rxd1+ 27. Bxd1 Rc8 28. Bb6 Re8 29. Bf3 Re1+ 30. Kh2 1-0

[Event "January 2 Early 2024"]
[Site "https://www.chess.com"]
[Date "2024.01.02"]
[Round "6"]
[White "Maksimovic, Bojan"]
[Black "Vachier-Lagrave, Maxime"]
[Result "0-1"]
[Board "10"]
[TimeControl "180+1"]
[WhiteFideId "14408120"]
[BlackFideId "623539"]
[WhiteElo "2870"]
[BlackElo "3178"]
[WhiteTeam "BIH"]
[BlackTeam "FRA"]
[WhiteClock "0:00:00"]
[BlackClock "0:00:28"]

1. a3 g6 2. e4 c5 3. b4 Bg7 4. c3 d6 5. Nf3 Nf6 6. d3 O-O 7. Be2 b6 8. O-O Bb7 9. Nbd2 Nbd7 10. Bb2 e6 11. Rb1 d5 12. e5 Ne8 13. d4 c4 14. Re1 f6 15. exf6 Nexf6 16. Nf1 Ne4 17. Ng3 Ndf6 18. Qc2 Qd6 19. Bc1 Ng4 20. Rf1 b5 21. Bd2 h6 22. Be1 e5 23. dxe5 Nxe5 24. Nxe4 dxe4 25. Nxe5 Qxe5 26. Rd1 Rad8 27. a4 Rd3 28. axb5 Qxb5 29. Bxd3 exd3 30. Qc1 Re8 31. f3 Re2 32. Rf2 Qb6 33. Kf1 Re8 34. Bd2 Kh7 35. Re1 Rxe1+ 36. Qxe1 a5 37. bxa5 Qxa5 38. Kg1 Bd5 39. h3 Qc7 40. Rf1 Bf8 41. Qe8 Bc5+ 42. Kh1 Bf7 43. Qe4 Qd7 44. Re1 Bf8 45. Qf4 Bg7 46. Qe4 Bf6 47. Qf4 Bg5 48. Qe5 Bxd2 49. Rb1 Qe6 50. Qd4 Be3 51. Qd8 Bg5 52. Qd4 Bf6 53. Qf2 Bxc3 54. Rb7 Bg7 55. h4 c3 56. h5 d2 57. hxg6+ Bxg6 0-1

[Event "January 2 Early 2024"]
[Site "https://www.chess.com"]
[Date "2024.01.02"]
[Round "6"]
[White "Durarbayli, Vasif"]
[Black "Firouzja, Alireza"]
[Result "0-1"]
[Board "11"]
[TimeControl "180+1"]
[WhiteFideId "13402935"]
[BlackFideId "12573981"]
[WhiteElo "2850"]
[BlackElo "3152"]
[WhiteTeam "AZE"]
[BlackTeam "FRA"]
[WhiteClock "0:00:00"]
[BlackClock "0:00:25"]

1. e4 c6 2. d4 d5 3. exd5 cxd5 4. c4 Nf6 5. Nc3 Nc6 6. Nf3 a6 7. h3 g6 8. c5 Bg7 9. Bd3 O-O 10. O-O Nd7 11. Bc2 e6 12. Bg5 Qc7 13. Qd2 b6 14. Bf4 Qb7 15. cxb6 Qxb6 16. Rfd1 Bb7 17. Ba4 Rfc8 18. Rab1 a5 19. Nb5 Nf6 20. Ng5 h6 21. Nxf7 Ne4 22. Qe3 Kxf7 23. Bxh6 Ba6 24. Qf4+ Bf6 25. Nc3 Nxd4 26. Kh1 Qc7 27. Qe3 Nf5 28. Qc1 Nxf2+ 29. Kg1 Nxh3+ 30. gxh3 Qg3+ 31. Kh1 Qxh3+ 32. Kg1 Qg3+ 33. Kh1 Rh8 0-1

[Event "January 2 Early 2024"]
[Site "https://www.chess.com"]
[Date "2024.01.02"]
[Round "6"]
[White "Bryakin, Mikhail"]
[Black "Aronian, Levon"]
[Result "0-1"]
[Board "12"]
[TimeControl "180+1"]
[WhiteFideId "4165314"]
[BlackFideId "13300474"]
[WhiteElo "2839"]
[BlackElo "3100"]
[WhiteTeam "SRB"]
[BlackTeam "USA"]
[WhiteClock "0:00:00"]
[BlackClock "0:00:05"]

1. d4 Nf6 2. c4 c5 3. d5 e5 4. Nc3 d6 5. e4 Nbd7 6. Be2 Be7 7. g4 h6 8. h4 Nf8 9. h5 N6h7 10. Nh3 Ng5 11. Ng1 Bd7 12. Be3 a6 13. a4 b6 14. f3 Rb8 15. Kd2 Nfh7 16. Kc2 O-O 17. Bd3 Nf6 18. Qf1 Ne8 19. Nge2 Nh7 20. Ng3 Bg5 21. Bf2 Nhf6 22. Nge2 Nc7 23. Ng3 Rb7 24. Nf5 Nfe8 25. Bg3 Qb8 26. b3 b5 27. Ra2 bxa4 28. bxa4 Rb3 29. Qa1 a5 30. Rb1 Rb4 31. Nb5 Na6 32. Kd1 Bxf5 33. gxf5 Nf6 34. Rh2 Qd8 35. Ke2 Qe7 36. Rh3 Qd7 37. Rhh1 g6 38. hxg6 fxg6 39. fxg6 Kg7 40. Rbg1 Rb3 41. Rb1 Rxb1 42. Qxb1 Nb4 43. Qg1 Ng8 44. Bb1 Ne7 45. Be1 Nxg6 46. Qg4 Nf4+ 47. Kd1 Qxg4 48. fxg4 Rf6 49. Rf1 Rg6 50. Bd2 Ng2 51. Bxg5 hxg5 52. Rh1 Ne3+ 53. Ke2 Nxg4 54. Nc7 Nf6 55. Ne6+ Kg8 56. Kf3 g4+ 57. Kg3 Kf7 58. Rh8 Rg8 59. Rh6 Ke7 60. Rh4 Rb8 61. Rh6 Nbxd5 62. exd5 Rxb1 63. Rh8 Rb3+ 64. Kg2 e4 65. Rh6 e3 66. Nf4 Rb2+ 67. Kf1 Rf2+ 68. Ke1 Rxf4 0-1

[Event "January 2 Early 2024"]
[Site "https://www.chess.com"]
[Date "2024.01.02"]
[Round "6"]
[White "Makarian, Rudik"]
[Black "Gokerkan, Cem Kaan"]
[Result "1/2-1/2"]
[Board "13"]
[TimeControl "180+1"]
[WhiteFideId "44105681"]
[BlackFideId "6336760"]
[WhiteElo "3034"]
[BlackElo "2835"]
[WhiteTeam "FID"]
[BlackTeam "TUR"]
[WhiteClock "0:00:02"]
[BlackClock "0:00:21"]

1. e4 c5 2. Nf3 d6 3. d4 cxd4 4. Qxd4 Nf6 5. Nc3 Nc6 6. Bb5 Bd7 7. Bxc6 Bxc6 8. Bg5 e6 9. O-O-O Be7 10. Qd3 O-O 11. Nd4 Rc8 12. f4 b5 13. e5 dxe5 14. Nxc6 Rxc6 15. Qxd8 Bxd8 16. fxe5 b4 17. Na4 Nd5 18. Bxd8 Rxd8 19. Rd2 Rc4 20. Re1 Rdc8 21. b3 Rf4 22. Kb2 g5 23. g3 Rf3 24. a3 a5 25. axb4 axb4 26. Re4 Kg7 27. Rc4 Ra8 28. Re2 h5 29. Rc6 Rf1 30. Rc4 Kg6 31. Rc5 g4 32. Rc4 Rf5 33. Rc6 Rf1 34. Rc4 Rf3 35. Rc6 Rf1 36. Rc4 1/2-1/2

[Event "January 2 Early 2024"]
[Site "https://www.chess.com"]
[Date "2024.01.02"]
[Round "6"]
[White "Boruchovsky, Avital"]
[Black "Sarana, Alexey"]
[Result "0-1"]
[Board "14"]
[TimeControl "180+1"]
[WhiteFideId "2800055"]
[BlackFideId "24133795"]
[WhiteElo "2829"]
[BlackElo "3032"]
[WhiteTeam "ISR"]
[BlackTeam "SRB"]
[WhiteClock "0:00:26"]
[BlackClock "0:02:03"]

1. Nf3 d5 2. g3 g6 3. Bg2 Bg7 4. d4 Nf6 5. O-O O-O 6. c4 dxc4 7. Na3 c5 8. dxc5 c3 9. Qb3 Ne4 10. bxc3 Nxc5 11. Qb4 Nba6 12. Qh4 e5 13. Qxd8 Rxd8 14. Bg5 f6 15. Be3 Be6 16. Nd2 Rd7 17. Nb3 Na4 18. Rac1 Rc8 19. Nb5 b6 20. Rfd1 Rxd1+ 21. Rxd1 Nxc3 22. Nxc3 Rxc3 23. Rd8+ Kf7 24. Ra8 Rc7 25. Bxb6 axb6 26. Rxa6 b5 27. Bc6 Bc4 28. Kf1 Bf8 29. Nd2 Be6 30. f3 Bc8 31. Rb6 b4 32. Ne4 Be7 33. Bd5+ Kg7 34. Kg2 Rc2 35. Kf2 f5 36. Bb3 fxe4 37. Bxc2 Bc5+ 0-1

[Event "January 2 Early 2024"]
[Site "https://www.chess.com"]
[Date "2024.01.02"]
[Round "6"]
[White "Fedoseev, Vladimir"]
[Black "Narayanan, Srinath"]
[Result "0-1"]
[Board "15"]
[TimeControl "180+1"]
[WhiteFideId "24130737"]
[BlackFideId "5018420"]
[WhiteElo "3029"]
[BlackElo "2828"]
[WhiteTeam "SLO"]
[BlackTeam "IND"]
[WhiteClock "0:00:05"]
[BlackClock "0:00:10"]

1. Nf3 d5 2. g3 g6 3. Bg2 Bg7 4. d4 Nf6 5. O-O O-O 6. c3 c6 7. Bf4 Bf5 8. Qc1 Nbd7 9. Nh4 Be6 10. Bh6 c5 11. Bxg7 Kxg7 12. e3 Rc8 13. a4 b6 14. Nd2 Qc7 15. h3 Nb8 16. f4 Bd7 17. g4 Bc6 18. Qe1 Nbd7 19. Nhf3 Ne4 20. Nxe4 dxe4 21. Nd2 f5 22. gxf5 gxf5 23. Qh4 Rf6 24. Kh2 Kh8 25. Rg1 Bd5 26. Bf1 cxd4 27. cxd4 Qc2 28. Rg2 Rg8 29. Qe1 Rxg2+ 30. Bxg2 Qxb2 31. a5 Rg6 32. axb6 Qxb6 33. Nf1 e6 34. Ng3 Nf6 35. Qc3 Rg8 36. Bf1 Qb7 37. Be2 Rc8 38. Qa5 Rc2 39. Qd8+ Ng8 40. Rg1 Qc8 41. Qg5 Qf8 42. Rg2 a5 43. Nh5 a4 44. Qh4 a3 45. Qe1 a2 46. Qa5 Rb2 47. Qa7 Nh6 48. Nf6 Nf7 49. Nxd5 exd5 50. Qa5 Nh6 51. Bh5 Rxg2+ 52. Kxg2 Qg8+ 53. Kf2 Qb8 54. Qxa2 Qd8 55. Qa6 Qh4+ 56. Kg2 Qxh5 57. Qc8+ Ng8 58. Qe6 Qg6+ 59. Qxg6 hxg6 60. Kg3 Kg7 61. Kh4 Kf6 62. Kg3 Ne7 63. h4 Nc6 64. Kf2 Nb4 65. Ke2 Nd3 0-1

[Event "January 2 Early 2024"]
[Site "https://www.chess.com"]
[Date "2024.01.02"]
[Round "6"]
[White "Meier, Georg"]
[Black "Van Foreest, Lucas"]
[Result "1-0"]
[Board "16"]
[TimeControl "180+1"]
[WhiteFideId "4675789"]
[BlackFideId "1039792"]
[WhiteElo "3016"]
[BlackElo "2827"]
[WhiteTeam "URU"]
[BlackTeam "NED"]
[WhiteClock "0:00:15"]
[BlackClock "0:00:51"]

1. Nf3 g5 2. Nxg5 e5 3. Nf3 e4 4. Nd4 Bg7 5. c3 d5 6. d3 c5 7. Nb3 exd3 8. exd3 b6 9. Be2 Ne7 10. d4 c4 11. N3d2 Nbc6 12. Nf1 Bf5 13. Ng3 Bg6 14. Nd2 b5 15. h4 h6 16. Ndf1 Qa5 17. Bd2 b4 18. Ne3 bxc3 19. bxc3 Rb8 20. O-O Rb2 21. Nh5 Bxh5 22. Bxh5 Bxd4 23. Bc1 Bxc3 24. Bxb2 Bxb2 25. Rb1 c3 26. Bf3 Nb4 27. Qb3 O-O 28. Rxb2 cxb2 29. a3 Nbc6 30. Qxb2 d4 31. Nc4 Rd8 32. Nxa5 1-0

[Event "January 2 Early 2024"]
[Site "https://www.chess.com"]
[Date "2024.01.02"]
[Round "6"]
[White "Moskalenko, Alexander"]
[Black "Bluebaum, Matthias"]
[Result "1/2-1/2"]
[Board "17"]
[TimeControl "180+1"]
[WhiteFideId "4155351"]
[BlackFideId "24651516"]
[WhiteElo "2823"]
[BlackElo "3008"]
[WhiteTeam "RUS"]
[BlackTeam "GER"]
[WhiteClock "0:00:56"]
[BlackClock "0:00:06"]

1. e4 e6 2. d3 d5 3. Nd2 Nf6 4. Ngf3 Be7 5. Be2 O-O 6. O-O c5 7. c3 Nc6 8. a3 a5 9. b3 Qc7 10. Bb2 Rd8 11. Qc2 b6 12. Rad1 Ba6 13. Rfe1 h6 14. c4 dxe4 15. Nxe4 Nxe4 16. dxe4 e5 17. Rd5 Nd4 18. Nxd4 cxd4 19. Bd3 Bb7 20. Rxd8+ Rxd8 21. Rb1 Rc8 22. Qe2 Bd6 23. h3 Qe7 24. Ra1 Qe6 25. Bc1 a4 26. b4 Ba6 27. b5 Bb7 28. Qd1 Rxc4 29. Bxc4 Qxc4 30. f3 Qxb5 31. Bd2 Bc5 32. Bb4 d3+ 33. Bxc5 bxc5 34. Rb1 Qd7 35. Rxb7 Qxb7 36. Qxd3 Qb3 37. Qd8+ Kh7 38. Qd7 g6 39. Qc7 Qe3+ 40. Kh1 Kg8 41. Qb8+ Kh7 42. Qc7 Qc1+ 43. Kh2 Qf4+ 44. Kh1 Qc1+ 45. Kh2 Qf4+ 46. Kh1 Qc1+ 1/2-1/2

[Event "January 2 Early 2024"]
[Site "https://www.chess.com"]
[Date "2024.01.02"]
[Round "6"]
[White "Movahed, Sina"]
[Black "Klukin, Kirill"]
[Result "1/2-1/2"]
[Board "18"]
[TimeControl "180+1"]
[WhiteFideId "42520835"]
[BlackFideId "24199273"]
[WhiteElo "3005"]
[BlackElo "2821"]
[WhiteTeam "IRI"]
[BlackTeam "RUS"]
[WhiteClock "0:00:12"]
[BlackClock "0:00:39"]

1. Nf3 Nf6 2. c4 c5 3. Nc3 Nc6 4. d4 cxd4 5. Nxd4 g6 6. e4 Bg7 7. Be3 O-O 8. Be2 d6 9. O-O Bd7 10. Qd2 Nxd4 11. Bxd4 Bc6 12. f3 a5 13. b3 Nd7 14. Bf2 Nc5 15. Rab1 e6 16. a3 a4 17. b4 Nb3 18. Qd3 Be5 19. b5 Be8 20. Nxa4 Rxa4 21. Rxb3 f5 22. Rd1 fxe4 23. Qxe4 Qa8 24. Bc5 Bxh2+ 25. Kxh2 dxc5 26. Qe3 b6 27. Qxe6+ Bf7 28. Qxb6 Qe8 29. Bf1 Qe5+ 30. Kg1 Bxc4 31. Bxc4+ Rxc4 32. Qd6 Qe2 33. Qd2 Re8 34. b6 Rc2 35. Qxe2 Rexe2 36. b7 Rxg2+ 37. Kh1 Rh2+ 38. Kg1 Rcg2+ 39. Kf1 Rf2+ 40. Kg1 Rfg2+ 41. Kf1 Rf2+ 42. Kg1 Rfg2+ 1/2-1/2

[Event "January 2 Early 2024"]
[Site "https://www.chess.com"]
[Date "2024.01.02"]
[Round "6"]
[White "Vokhidov, Shamsiddin"]
[Black "Bologan, Victor"]
[Result "0-1"]
[Board "19"]
[TimeControl "180+1"]
[WhiteFideId "14204223"]
[BlackFideId "13900048"]
[WhiteElo "2984"]
[BlackElo "2810"]
[WhiteTeam "UZB"]
[BlackTeam "MDA"]
[WhiteClock "0:00:43"]
[BlackClock "0:00:15"]

1. d4 Nf6 2. c4 c5 3. Nf3 cxd4 4. Nxd4 e6 5. Nc3 Nc6 6. a3 Bc5 7. Nb3 Be7 8. e4 O-O 9. Be2 b6 10. O-O Bb7 11. Be3 Rc8 12. Rc1 Ne5 13. Nd2 d5 14. cxd5 exd5 15. Bd4 Nc6 16. Bxf6 Bxf6 17. exd5 Bxc3 18. Rxc3 Qxd5 19. Bf3 Qb5 20. Nc4 Rcd8 21. Qb1 Nd4 22. Bd1 Rfe8 23. Ne3 Qg5 24. Rc7 Be4 25. Qc1 Ne6 26. Rxa7 Nf4 27. f3 Bd3 28. h4 Qxh4 29. Qc7 Bg6 30. Bb3 Ne2# 0-1

[Event "January 2 Early 2024"]
[Site "https://www.chess.com"]
[Date "2024.01.02"]
[Round "6"]
[White "Molina, Roberto Junio Brito"]
[Black "Navara, David"]
[Result "0-1"]
[Board "20"]
[TimeControl "180+1"]
[WhiteFideId "2109450"]
[BlackFideId "309095"]
[WhiteElo "2809"]
[BlackElo "2978"]
[WhiteTeam "BRA"]
[BlackTeam "CZE"]
[WhiteClock "0:00:00"]
[BlackClock "0:00:03"]

1. d4 d5 2. c4 c6 3. Nf3 Nf6 4. Nc3 e6 5. Bg5 h6 6. Bh4 Be7 7. e3 Nbd7 8. Bd3 dxc4 9. Bxc4 b5 10. Bd3 Bb7 11. O-O a6 12. a4 b4 13. Bxf6 gxf6 14. Ne4 f5 15. Ned2 c5 16. Qe2 Rg8 17. e4 cxd4 18. exf5 Nc5 19. fxe6 fxe6 20. Bc4 Qd6 21. Rfe1 d3 22. Qe3 Bg5 23. Nxg5 Rxg5 24. f3 O-O-O 25. Bxe6+ Nxe6 26. Qxe6+ Qxe6 27. Rxe6 Rc5 28. Rd1 Rc2 29. b3 h5 30. Kf2 Bd5 31. Rxa6 Re8 32. Rd6 Bxb3 33. Rxd3 Bxa4 34. Kg3 Re2 35. Ra1 Bc6 36. Ne4 Rxg2+ 37. Kf4 Kb7 38. Rb1 Rc4 39. Rd6 Kc7 40. Re6 Rxh2 41. Rg1 b3 42. Rb1 b2 43. Kg3 Re2 44. Re7+ Kb6 45. Kf4 Rb4 46. Re6 Kc7 47. Rh6 Bxe4 48. fxe4 Rexe4+ 49. Kf3 h4 50. Rh5 Rec4 51. Rh7+ Kb6 52. Re7 Rc1 53. Re6+ Kb5 54. Re5+ Ka4 0-1

[Event "January 2 Early 2024"]
[Site "https://www.chess.com"]
[Date "2024.01.02"]
[Round "6"]
[White "Bok, Benjamin"]
[Black "De Winter, Arthur"]
[Result "1-0"]
[Board "21"]
[TimeControl "180+1"]
[WhiteFideId "1017063"]
[BlackFideId "1069020"]
[WhiteElo "2948"]
[BlackElo "2808"]
[WhiteTeam "NED"]
[BlackTeam "NED"]
[WhiteClock "0:02:05"]
[BlackClock "0:00:47"]

1. d4 Nf6 2. c4 d6 3. Nf3 g6 4. g3 Bg7 5. Bg2 O-O 6. Nc3 Nbd7 7. O-O e5 8. e4 exd4 9. Nxd4 Re8 10. h3 Nc5 11. Re1 Bd7 12. Rb1 a5 13. b3 Qc8 14. Kh2 c6 15. Bf4 Qc7 16. Nc2 Bf8 17. Qd2 Ne6 18. Be3 Rad8 19. Rbd1 Bc8 20. f4 b6 21. Qf2 c5 22. f5 gxf5 23. exf5 Ng7 24. Bg5 1-0

[Event "January 2 Early 2024"]
[Site "https://www.chess.com"]
[Date "2024.01.02"]
[Round "6"]
[White "Holt, Conrad"]
[Black "Santos Latasa, Jaime"]
[Result "0-1"]
[Board "22"]
[TimeControl "180+1"]
[WhiteFideId "2034387"]
[BlackFideId "2293307"]
[WhiteElo "2803"]
[BlackElo "2942"]
[WhiteTeam "USA"]
[BlackTeam "ESP"]
[WhiteClock "0:00:00"]
[BlackClock "0:00:55"]

1. d4 Nf6 2. c4 e6 3. Nc3 d5 4. cxd5 exd5 5. Bg5 c6 6. Qc2 Be6 7. e3 Nbd7 8. Bd3 h6 9. Bh4 g5 10. Bg3 Nh5 11. Nge2 Nxg3 12. Nxg3 h5 13. h4 gxh4 14. Nf5 Qg5 15. Nxh4 Nb6 16. O-O-O O-O-O 17. Kb1 Kb8 18. g3 Bg4 19. Be2 Bb4 20. Bxg4 hxg4 21. Ne2 Nc4 22. Nf4 Bd6 23. Nf5 Bxf4 24. gxf4 Qg6 25. Ng3 Qxc2+ 26. Kxc2 Nd6 27. Kd3 a5 28. b3 Kc7 29. Rdg1 Kd7 30. f5 Ke7 31. Nh5 Ne4 32. f6+ Ke6 33. Ke2 Kf5 34. f3 gxf3+ 35. Kxf3 Ke6 36. Rg7 Rdf8 37. Rh4 Kd6 38. Kg4 Rh6 0-1

[Event "January 2 Early 2024"]
[Site "https://www.chess.com"]
[Date "2024.01.02"]
[Round "6"]
[White "Praggnanandhaa R"]
[Black "Anuj Shrivatri"]
[Result "1-0"]
[Board "23"]
[TimeControl "180+1"]
[WhiteFideId "25059530"]
[BlackFideId "35070924"]
[WhiteElo "2940"]
[BlackElo "2793"]
[WhiteTeam "IND"]
[BlackTeam "IND"]
[WhiteClock "0:00:57"]
[BlackClock "0:00:57"]

1. Nf3 d5 2. g3 g6 3. c4 dxc4 4. Na3 Bg7 5. Nxc4 Nc6 6. d3 e5 7. Bd2 Nge7 8. Bg2 Be6 9. Rc1 a5 10. O-O O-O 11. b3 h6 12. Bc3 f6 13. e4 Qd7 14. d4 exd4 15. Nxd4 Nxd4 16. Qxd4 Qxd4 17. Bxd4 Rfd8 18. Bc3 a4 19. Na5 axb3 20. axb3 b6 21. e5 Nd5 22. Nc6 Nxc3 23. Rxc3 Re8 24. Ne7+ Kf7 25. Rxc7 Ra3 26. Nf5+ 1-0

[Event "January 2 Early 2024"]
[Site "https://www.chess.com"]
[Date "2024.01.02"]
[Round "6"]
[White "Haug, Havard"]
[Black "Kovalev, Vladislav"]
[Result "0-1"]
[Board "24"]
[TimeControl "180+1"]
[WhiteFideId "1547887"]
[BlackFideId "13504398"]
[WhiteElo "2791"]
[BlackElo "2938"]
[WhiteTeam "NOR"]
[BlackTeam "FID"]
[WhiteClock "0:02:09"]
[BlackClock "0:01:50"]

1. e4 e5 2. Nf3 Nc6 3. Bc4 Nf6 4. d3 Bc5 5. c3 a6 6. O-O d6 7. Re1 h6 8. Be3 Bxe3 9. fxe3 Na5 10. Bb3 Nxb3 11. axb3 O-O 12. Nbd2 Re8 13. Nf1 d5 14. exd5 Nxd5 15. e4 Nf4 16. d4 exd4 17. cxd4 Bg4 18. Ne3 Bxf3 19. Qxf3 Nd3 20. Rf1 Qxd4 21. Qxf7+ Kh8 22. Qf3 Rxe4 23. Rae1 Nxe1 24. Rxe1 Rae8 25. Kf2 Rf4 26. Kg3 Rxf3+ 27. Kxf3 Qe4+ 28. Kf2 Qf4+ 29. Kg1 Rxe3 30. Rxe3 Qxe3+ 31. Kf1 Qc1+ 32. Kf2 Qxb2+ 33. Kg3 Qxb3+ 34. Kf2 a5 35. h3 a4 36. Kg1 a3 37. Kh2 a2 38. Kg1 a1=Q+ 39. Kh2 Qe5+ 40. Kg1 Qbe3+ 41. Kh1 Qe1# 0-1

[Event "January 2 Early 2024"]
[Site "https://www.chess.com"]
[Date "2024.01.02"]
[Round "6"]
[White "Bindrich, Falko"]
[Black "Makhnev, Denis"]
[Result "1-0"]
[Board "25"]
[TimeControl "180+1"]
[WhiteFideId "4676670"]
[BlackFideId "13707647"]
[WhiteElo "2767"]
[BlackElo "2929"]
[WhiteTeam "GER"]
[BlackTeam "KAZ"]
[WhiteClock "0:00:14"]
[BlackClock "0:00:00"]

1. d4 d5 2. c4 e6 3. Nc3 c6 4. e3 Nf6 5. Nf3 Nbd7 6. Be2 dxc4 7. a4 c5 8. d5 Nb6 9. e4 exd5 10. a5 Nbd7 11. e5 d4 12. exf6 dxc3 13. Bxc4 Qxf6 14. O-O cxb2 15. Qe2+ Be7 16. Bxb2 Qf4 17. Rfe1 O-O 18. g3 Qg4 19. h3 Qh5 20. Qxe7 Qxf3 21. Re4 Nf6 22. Rf4 Qc6 23. Rxf6 gxf6 24. Bd5 Qa6 25. Bc4 Qc6 26. Bd5 Qa6 27. Re1 Bxh3 28. Bxb7 Rae8 29. Bxa6 Rxe7 30. Rxe7 Rb8 31. Bxf6 Be6 32. Rxa7 c4 33. Bb7 h5 34. a6 Kh7 35. Ra8 Rxa8 36. Bxa8 Kg6 37. Bc3 Bc8 38. Bb7 f5 39. Bxc8 1-0